 Dungeon Crawl Stone Soup version 0.28.0-45-g0d030f2227 (webtiles) character file.

Game seed: 12931166051772716899

1061 bobregger the Skirmisher (level 8, 0/106 (130) HPs)
             Began as an Ogre Berserker on Apr 21, 2022.
             Was a Believer of Trog.
             Slain by a wight
             ... wielding a +4 great sword
              (1 damage)
             ... on level 6 of the Dungeon.
             The game lasted 00:06:13 (5163 turns).

bobregger the Skirmisher (Ogre Berserker)           Turns: 5163, Time: 00:06:13

HP:   0/106 (130)   AC: 24    Str: 22    XL:     8   Next: 27%
MP:   7/7           EV:  1    Int:  8    God:    Trog [**....]
Gold: 255           SH:  0    Dex: 10    Spells: 7/7 levels left

rFire   . . .      SeeInvis .   a - +0 mace
rCold   . . .      Faith    .   (no shield)
rNeg    . . .      Spirit   .   (armour currently unavailable)
rPois   +          Reflect  .   (helmet currently unavailable)
rElec   .          Harm     .   (cloak currently unavailable)
rCorr   .          Rampage  .   (gloves unavailable)
Will    .....      NoTele   +   (boots unavailable)
Stlth   +.........              (no amulet)
HPRegen 0.27/turn               (no ring)
MPRegen 0.10/turn               (no ring)

@: tree-form (expiring), on berserk cooldown, attractive, heavily drained,
invisible
A: stationary, stasis, torment immunity, boosted hp, large, unfitting armour,
(tough skin 1), deterioration 1, low MP 1
a: Renounce Religion, Berserk, Trog's Hand


You were on level 6 of the Dungeon.
You worshipped Trog.
Trog was pleased with you.
You were a tree.
You visited 1 branch of the dungeon, and saw 6 of its levels.

You collected 255 gold pieces.

Inventory:

Hand Weapons
 a - a +0 mace (weapon)
Armour
 m - a +1 robe of fire resistance (melded)
Wands
 l - a wand of acid (2)
Scrolls
 b - a scroll of fog {unknown}
 f - a scroll of brand weapon {unknown}
 g - a scroll of amnesia {unknown}
 i - 2 scrolls of enchant weapon {unknown}
 j - a scroll of noise {unknown}
 k - 2 scrolls of teleportation {unknown}
 o - a scroll of immolation {unknown}
Potions
 h - a potion of attraction
 n - a potion of invisibility


   Skills:
 + Level 7.5 Fighting
 * Level 6.5 Maces & Flails
 + Level 5.1 Dodging


You had 7 spell levels left.
You didn't know any spells.
Your spell library was empty.

Dungeon Overview and Level Annotations

Branches:
Dungeon (6/15)             Temple (0/1) D:4

Altars:

Shops:
D:4 [


Innate Abilities, Weirdness & Mutations

You are a tree.
Your roots penetrate the ground, keeping you stationary.
You cannot be teleported.
You are immune to unholy pain and torment.
Your maximum health is greatly increased.
Your equipment is partially melded.
You are too large for most types of armour.
((You have tough skin. (AC +1)))
Your body sometimes deteriorates upon taking damage.
Your magical capacity is low. (-10% MP)


Message History

It was a potion of heal wounds.
You feel much better. The wight hits you with a +0 battleaxe.
* * * LOW HITPOINT WARNING * * *
It was a potion of mutation.
You feel extremely strange.
You feel less energetic.
You feel yourself wasting away.
The wight hits you but does no damage. x2
It was a potion of attraction.
You feel attractive to monsters. The wight hits you with a +0 battleaxe.
* * * LOW HITPOINT WARNING * * *
You feel drained.
* * * LOW HITPOINT WARNING * * *
It was a potion of invisibility.
You fade into invisibility!
The wight hits you but does no damage. x2
You thump the wight!
The wight is almost destroyed.
Your transformation is almost over.
The wight hits you but does no damage.
You barely miss the wight.
The wight is almost destroyed.
You feel yourself speed up. The wight hits you with a +0 battleaxe!
* * * LOW HITPOINT WARNING * * *
You feel drained. The wight hits you with a +0 battleaxe.
* * * LOW HITPOINT WARNING * * *
You feel drained.
* * * LOW HITPOINT WARNING * * *
You hit the wight.
You destroy the wight!
Trog accepts your kill.
You barely miss the wight.
The wight hits you with a +4 great sword!
* * * LOW HITPOINT WARNING * * *
You hit the wight.
The wight is lightly damaged.
The wight hits you with a +4 great sword.
* * * LOW HITPOINT WARNING * * *
You feel drained.
You die...

#
##.#############
.....[..<......#
........#.###.##
#######.#...
#.#.#.# #.#.###
#)#.. #♣### #z#
#)# #.# ...
##.#. #.#.# #.#
# #.#


You could see a wight.

Vanquished Creatures
  Prince Ribbit (D:5)
  Sigmund (D:4)
  An orc warrior (D:5)
  A centaur (D:5)
  A scorpion (D:5)
  A water moccasin skeleton (D:4)
  3 wights (D:6)
  A bullfrog skeleton (D:5)
  Jessica (D:3)
  2 iguanas (D:4)
  4 orc wizards
  3 adders
  A worm (D:2)
  6 dart slugs
  4 orcs
  5 ball pythons
  4 endoplasms
  2 giant cockroaches
  6 goblins
  4 hobgoblins
  3 jackals
  5 kobolds
  3 quokkas
  7 bats
  4 frilled lizards (D:1)
  5 rats
79 creatures vanquished.

Vanquished Creatures (others)
  An orc wizard (D:5)
  A jackal (D:2)
  A kobold (D:2)
3 creatures vanquished.

Grand Total: 82 creatures vanquished

Notes
Turn   | Place    | Note
-------+----------+-------------------------------------------
     0 | D:1      | bobregger the Ogre Berserker began the quest for the Orb.
     0 | D:1      | Reached XP level 1. HP: 24/24 MP: 1/1
   236 | D:1      | Reached XP level 2. HP: 29/32 MP: 2/2
   612 | D:1      | Reached XP level 3. HP: 39/40 MP: 3/3
   812 | D:1      | Found a faded altar of an unknown god.
   879 | D:1      | Reached ** piety under Trog
  1334 | D:2      | Reached XP level 4. HP: 49/49 MP: 4/4
  1413 | D:2      | Reached skill level 5 in Fighting
  2669 | D:3      | Noticed Jessica
  2678 | D:3      | Killed Jessica
  2959 | D:4      | Reached XP level 5. HP: 33/57 MP: 5/5
  3102 | D:4      | Found a staircase to the Ecumenical Temple.
  3231 | D:4      | Reached XP level 6. HP: 40/67 MP: 6/6
  3372 | D:4      | Found Ozajo's Armour Emporium.
  3647 | D:4      | Noticed Sigmund
  3663 | D:4      | Killed Sigmund
  3664 | D:4      | Reached skill level 6 in Fighting
  3664 | D:4      | Reached skill level 5 in Maces & Flails
  3664 | D:4      | Reached XP level 7. HP: 75/75 MP: 7/7
  3947 | D:5      | Entered Level 5 of the Dungeon
  3948 | D:5      | Noticed Prince Ribbit
  3971 | D:5      | Killed Prince Ribbit
  4239 | D:5      | Reached skill level 7 in Fighting
  4490 | D:5      | Reached XP level 8. HP: 76/76 MP: 8/8
  4674 | D:5      | Reached skill level 5 in Dodging
  5152 | D:6      | HP: 2/74 [wight/+0 battleaxe (13)]
  5156 | D:6      | Gained mutation: Your magical capacity is low. (-10% MP)
                  | [potion of mutation]
  5156 | D:6      | Gained mutation: Your body sometimes deteriorates upon
                  | taking damage. [potion of mutation]
  5162 | D:6      | HP: 3/108 [wight/+4 great sword (10)]
  5163 | D:6      | HP: 1/108 [wight/+4 great sword (2)]
  5163 | D:6      | Slain by a wight

Illustrated notes

Levels and vault maps discovered:
D:1:      dpeg_arrival_pond, layout_rooms,
          shapermc_ecumenical_altar_mp_highgroup
D:2:      layout_basic, st_stairs_5, grunt_ministairs_13, lemuel_old_faithful
D:3:      layout_basic, serial_glass, glass_columns_a, glass_columns_a,
          uniq_jessica
D:4:      layout_basic, minmay_temple_entry_slanted, serial_shops,
          nicolae_take_the_stairs, uniq_sigmund
D:5:      layout_basic, kennysheep_big_empty_room, uniq_prince_ribbit1
D:6:      layout_basic, corner_web_ring, uniq_eustachio, uniq_grinder

Skill      XL: |  1  2  3  4  5  6  7  8 |
---------------+-------------------------+-----
Maces & Flails | 3 4 5 6 |  6.5
Dodging        | 3 4 5 |  5.1
Fighting       | 5 6 7 |  7.5

Action                   |  1- 3 |  4- 6 |  7- 9 || total
-------------------------+-------+-------+-------++-------
Melee: Mace              |   103 |   132 |    61 ||   296
Invok: Berserk           |     2 |     2 |     5 ||     9
       Trog's Hand       |       |     2 |       ||     2
  Use: Potion            |       |     4 |     6 ||    10
Armor: Animal skin       |    35 |    29 |       ||    64
       Robe              |       |    23 |    24 ||    47
       Skin              |       |    40 |     8 ||    48
Dodge: Dodged            |    69 |    78 |    31 ||   178
